AoeStats
← 拾贰赴秋

Arena

510264058Analyzed
3v3 RM · 2d ago on Sep 30, 2026· 41m 30s· 6 players
Game mode
Random Map
Map size
Normal (6 player)
Population
200
Speed
Normal
Resources
Standard
Victory
Conquest
Starting age
Dark Age
Ending age
Imperial Age
RankedLock teamsTeams togetherTeam positionsShared explorationLock speedFull tech treeHidden civsTurbo modeCheats
Victory
Defeat
🇨🇳 Khmer · China
1235
+8
🇨🇳 Saxons · China
1151
+11
🇨🇳 Varangians · China
1037
+17
🇦🇺 Franks · Australia
1095
-14
🇲🇽 Cumans · Mexico
1026
-11
🇺🇸 Teutons · United States
1021
-11
每逢佳节瘦两斤
11:02 Feudal Age
14:01 Castle Age
11:54 Double-Bit Axe
11:53 Horse Collar
20:11 Bow Saw
19:55 Loom
23:40 Heavy Plow
24:11 Gold Mining
25:18 Wheelbarrow
27:00 Gold Shaft Mining
29:22 Imperial Age
27:01 Stone Mining
29:49 Scale Barding Armor
30:51 Bloodlines
30:43 Husbandry
30:58 Siege Engineers
31:55 Chemistry
31:56 Stone Shaft Mining
32:40 Chain Barding Armor
32:31 Forging
32:17 Elite Ballista Elephant
33:19 Conscription
34:39 Crop Rotation
34:57 Plate Barding Armor
35:56 Ballistics
35:46 Double Crossbow
35:50 Tusk Swords
35:57 Tusk Swords
37:30 Forging
天凉好个秋
9:28 Feudal Age
9:33 Feudal Age
15:37 Castle Age
14:20 Double-Bit Axe
14:16 Horse Collar
17:14 Bow Saw
17:37 Heavy Plow
18:32 Loom
19:26 Wheelbarrow
24:25 Stone Mining
24:33 Fletching
24:54 Pikeman
25:34 Squires
25:20 Arson
26:05 Fortified Wall
27:03 Treadmill Crane
31:09 Imperial Age
29:40 Scale Mail Armor
29:36 Bodkin Arrow
30:27 Gold Mining
30:55 Chain Mail Armor
30:51 Forging
32:31 Gold Shaft Mining
33:00 Two-Man Saw
32:32 Crop Rotation
31:30 Shield Wall
32:32 Conscription
31:49 Capped Ram
32:38 Bracer
33:00 Ballistics
32:36 Murder Holes
32:41 Town Watch
33:48 Hoardings
33:58 Padded Archer Armor
34:33 Iron Casting
34:29 Plate Mail Armor
33:34 Crossbowman
34:21 Thumb Ring
35:00 Halberdier
36:01 Leather Archer Armor
36:06 Siege Engineers
37:02 Chemistry
36:12 Masonry
37:25 Hand Cart
36:38 Arbalester
36:46 Elite Hearth Troop
38:25 Siege Ram
39:45 Ring Archer Armor
39:48 Architecture
42:12 Scale Barding Armor
拾贰赴秋
10:02 Feudal Age
13:44 Castle Age
19:29 Horse Collar
21:26 Double-Bit Axe
23:58 Wheelbarrow
23:40 Heavy Plow
24:07 Stone Mining
24:22 Gold Mining
26:13 Bow Saw
27:50 Hand Cart
30:18 Imperial Age
28:22 Forging
28:13 Scale Mail Armor
28:15 Gambesons
28:32 Squires
28:20 Arson
29:38 Iron Casting
30:20 Chain Mail Armor
30:14 Loom
30:17 Town Watch
32:21 Blast Furnace
30:46 Elite Varangian Guard
31:16 Capped Ram
33:14 Plate Mail Armor
32:12 Siege Ram
33:54 Gothikon
34:57 Conscription
Enlightened Eye
9:53 Feudal Age
11:18 Double-Bit Axe
17:12 Castle Age
17:10 Horse Collar
17:24 Gold Mining
18:42 Bow Saw
18:51 Heavy Plow
21:05 Wheelbarrow
25:48 Hand Cart
26:17 Scale Barding Armor
27:24 Chain Barding Armor
32:00 Imperial Age
29:50 Fletching
30:22 Bloodlines
31:05 Forging
31:52 Masonry
32:46 Iron Casting
32:24 Bodkin Arrow
33:07 Conscription
32:21 Cavalier
34:12 Man-at-Arms
34:37 Gambesons
35:23 Squires
34:44 Long Swordsman
35:40 Scale Mail Armor
36:41 Blast Furnace
36:22 Arson
37:00 Chain Mail Armor
36:38 Two-Handed Swordsman
37:15 Champion
37:41 Pikeman
38:15 Halberdier
39:28 Plate Mail Armor
Lord_Rocky
0:27 Loom
11:24 Feudal Age
12:58 Double-Bit Axe
20:02 Castle Age
18:21 Gold Mining
18:58 Horse Collar
19:45 Stone Mining
21:54 Heavy Plow
26:03 Bow Saw
31:08 Imperial Age
29:23 Gold Shaft Mining
28:59 Scale Barding Armor
29:05 Forging
29:57 Wheelbarrow
30:06 Bloodlines
30:20 Steppe Husbandry
31:09 Iron Casting
30:35 Light Cavalry
31:14 Cavalier
32:29 Chain Barding Armor
32:42 Conscription
33:59 Hand Cart
34:53 Cuman Mercenaries
35:01 Paladin
BrazilianBad
11:54 Feudal Age
11:41 Loom
16:28 Castle Age
14:39 Double-Bit Axe
15:26 Gold Mining
15:30 Stone Mining
16:01 Town Watch
18:01 Town Patrol
19:05 Wheelbarrow
23:28 Bow Saw
29:03 Imperial Age
27:48 Forging
28:49 Gold Shaft Mining
28:58 Squires
29:44 Cavalier
30:57 Conscription
30:08 Pikeman
31:38 Hand Cart
32:58 Husbandry
33:38 Iron Casting
33:09 Scale Barding Armor
33:07 Onager
36:53 Chemistry
36:13 Ballistics
36:01 Siege Engineers
36:43 Halberdier
37:08 Arson
39:30 Blast Furnace
38:51 Chain Barding Armor
39:43 Fortified Wall
Connection lost

Rejoining the realm…

Still unreachable

The connection could not be restored.

Session expired

The server has moved on; the page needs a fresh start.